 Dungeon Crawl Stone Soup version 0.19.0-9-gfd783f2 (console) character file.

67 HarryHood the Cudgeler (level 3, -10/31 HPs)
             Began as a Minotaur Berserker on Nov 8, 2016.
             Was a Believer of Trog.
             Mangled by Robin
             ... wielding a +2 trident of protection
              (11 damage)
             ... on level 3 of the Dungeon.
             The game lasted 00:07:52 (1122 turns).

HarryHood the Cudgeler (Minotaur Berserker)         Turns: 1122, Time: 00:07:52

Health: -10/31     AC:  8    Str: 23    XL:     3   Next: 98%
Magic:  2/2        EV:  8    Int:  4    God:    Trog [**....]
Gold:   96         SH:  0    Dex: 10    Spells: 0 memorised, 2 levels left

rFire  . . .     SeeInvis .     a - +0 mace
rCold  . . .     Gourm    .     m - +0 chain mail
rNeg   . . .     Faith    .     (no shield)
rPois  .         Spirit   .     (helmet restricted)
rElec  .         Reflect  .     (no cloak)
rCorr  .         Harm     .     (no gloves)
MR     .....     Rnd*Tele +     (no boots)
Stlth  ..........               (no amulet)
                                h - ring of teleportation (curse)
                                e - +2 ring of strength

@: exhausted, slowed, very slow
A: retaliatory headbutt, horns 2
a: Berserk, Trog's Hand, Burn Spellbooks, Renounce Religion


You were on level 3 of the Dungeon.
You worshipped Trog.
Trog was pleased with you.
You were hungry.

You visited 1 branch of the dungeon, and saw 3 of its levels.

You collected 96 gold pieces.

Inventory:

Hand Weapons
 a - a +0 mace (weapon)
Missiles
 k - 21 stones (quivered)
Armour
 b - a +0 animal skin
 m - a +0 chain mail (worn)
Jewellery
 e - a +2 ring of strength (left hand)
 h - a cursed ring of teleportation (right hand)
 o - an uncursed ring of positive energy {unknown}
Potions
 d - a potion of brilliance
 i - 2 potions of might
 j - a potion of magic {unknown}
 l - a potion of berserk rage {unknown}
 n - a potion of curing {unknown}
Comestibles
 c - 2 bread rations
 f - a meat ration


   Skills:
 - Level 3.6 Fighting
 + Level 5.9 Maces & Flails
 - Level 2.4 Armour
 - Level 2.1 Dodging
 - Level 0.1 Stealth


You had 2 spell levels left.
You didn't know any spells.

Dungeon Overview and Level Annotations

Branches:
Dungeon (3/15)

Altars:
Nemelex Xobeh

Annotations:
D:3 Robin


Innate Abilities, Weirdness & Mutations

You reflexively headbutt those who attack you in melee.
You have a pair of horns on your head.


Message History

Robin says, "Kneel, worm!"
Robin hits you but does no damage. The goblin hits you.
* * * LOW HITPOINT WARNING * * *
The goblin barely misses you. You furiously retaliate!
You headbutt the goblin.
You kill the goblin!
Trog accepts your kill. Robin hits you but does no damage.
You are too injured to fight recklessly!
You hit Robin. Your headbutt misses Robin.
Robin is moderately wounded.
The goblin hits you.
* * * LOW HITPOINT WARNING * * *
Robin hits you with a trident of protection.
* * * LOW HITPOINT WARNING * * *
The goblin barely misses you.
You hit Robin.
Robin is heavily wounded.
The goblin no longer looks unusually strong.
Robin hits you with a trident of protection!
You die...

,,*,*,,,,,,,,,,,,,,,,,* *,**,**,,
,,*,*,,,,,,,*********** *,,,,*8,,
,,*,*,,,,,,,* **********,**,,
,,*,*##############,,,,,****,**,,
,,*>,,.....g......+,,,,,,,,,,**,,
,,*#**,#.g.#.g...#*,,,,,****,*⌠,,
,,*#...#g#.#.###.#*,,,,,,,**,**,,
,,,g.g.g.....# #g#*,,,,,,,**,**,,
*,,...#..#g#####@#*****,,,*****,,
*,,,.......#...g)# ***** *8,,
***####.####.##### **,, #,* #...#
*,, *** ###.# *,, ##########.#
**, **#..........# *,
*,.........### *, *,.........# *,


You could see Robin and a goblin.

Vanquished Creatures
  A gnoll (D:1)
  3 worms
  3 dart slugs
  A bat (D:2)
  5 giant cockroaches (D:2)
  11 goblins
  2 hobgoblins
  7 kobolds
  4 frilled lizards
  4 rats
41 creatures vanquished.

Notes
Turn   | Place    | Note
-------+----------+-------------------------------------------
     0 | D:1      | HarryHood the Minotaur Berserker began the quest for the Orb.
     0 | D:1      | Reached XP level 1. HP: 19/19 MP: 0/0
   134 | D:1      | Reached skill level 4 in Maces & Flails
   256 | D:1      | Reached XP level 2. HP: 18/26 MP: 1/1
   638 | D:2      | Found a sparkling altar of Nemelex Xobeh.
   654 | D:2      | Reached skill level 5 in Maces & Flails
   687 | D:2      | Reached XP level 3. HP: 23/31 MP: 2/2
   850 | D:2      | Reached ** piety under Trog
  1082 | D:3      | Noticed Robin
  1121 | D:3      | HP: 1/31 [Robin/trident of protection (1)]
  1122 | D:3      | Mangled by Robin

Skill      XL: |  1  2 |
---------------+-------+-----
Maces & Flails | 4 5 |  5.9
Fighting       | |  3.6
Armour         | |  2.4
Dodging        | |  2.1
Stealth        | |  0.1

Action                   || total
-------------------------++-------
Melee: Mace              ||    90
       Headbutt          ||    12
Invok: Berserk           ||     1
  Use: Scroll            ||     4
  Eat: Chunk             ||     1
Armor: Animal skin       ||     9
       Chain mail        ||    25
Dodge: Dodged            ||    46
